 Dungeon Crawl Stone Soup version 0.27.0-1-g7a089689b8 (webtiles) character file.

Game seed: 13350367825321945529

1831 nicksoapdish the Conjurer (level 9, 0/51 HPs)
             Began as an Octopode Conjurer on Aug 4, 2021.
             Was a Follower of Vehumet.
             Shot with a sling bullet by Joseph (19 damage)
             ... on level 7 of the Dungeon.
             The game lasted 00:31:50 (7560 turns).

nicksoapdish the Conjurer (Octopode Conjurer)       Turns: 7560, Time: 00:31:51

Health: 0/51       AC:  1    Str:  7    XL:     9   Next: 11%
Magic:  14/28      EV: 13    Int: 32    God:    Vehumet [*.....]
Gold:   220        SH:  0    Dex: 10    Spells: 5/21 levels left

rFire    . . .     SeeInvis .   h - +7 spear "Killer Bee's Peril" {drain, *Rage MP+9 Int+9}
rCold    . . .     Faith    .   (no shield)
rNeg     . . .     Spirit   .   (helmet restricted)
rPois    .         Reflect  .   (no amulet)
rElec    .         Harm     .   (no ring)
rCorr    .         Rampage  .   (no ring)
Will     .....     Rnd*Rage +   (no ring)
Stlth    ++++......             (no ring)
HPRegen  0.17/turn              (no ring)
MPRegen  0.21/turn              (no ring)
                                (no ring)
                                (no ring)

@: no status effects
A: almost no armour, amphibious, 8 rings, camouflage 1, gelatinous body 1,
(nimble swimmer 1), tentacles
a: Renounce Religion


You were on level 7 of the Dungeon.
You worshipped Vehumet.
Vehumet was aware of your devotion.
You visited 2 branches of the dungeon, and saw 8 of its levels.

You collected 220 gold pieces.

Inventory:

Hand Weapons
 a - a +0 dagger
 h - the +7 spear "Killer Bee's Peril" (weapon) {drain, *Rage MP+9 Int+9}
   (You found it on level 5 of the Dungeon)

   A truly terrible weapon, it drains the life of any living foe it strikes.
   Int:       It affects your intelligence (+9).
   MP:        It affects your magic capacity (+9).
   *Rage:     It may make you go berserk in combat.
Missiles
 g - 59 poisoned darts
 s - 6 atropa-tipped darts
Wands
 o - a wand of iceblast (12)
 r - a wand of polymorph (8)
Scrolls
 d - 2 scrolls of enchant weapon
 i - a scroll of noise {unknown}
 k - 2 scrolls of enchant armour
 m - a scroll of immolation {unknown}
 n - 2 scrolls of teleportation
 p - 2 scrolls of holy word
 q - a scroll of torment {unknown}
 t - 2 scrolls of vulnerability {unknown}
Potions
 b - 4 potions of curing
 c - a potion of heal wounds
 e - a potion of might
 f - 2 potions of cancellation
 j - a potion of haste {unknown}
 l - 2 potions of mutation
 u - a potion of invisibility {unknown}
 v - a potion of flight {unknown}


   Skills:
 - Level 2.0 Dodging
 + Level 5.6 Stealth
 - Level 1.8 Unarmed Combat
 + Level 6.8 Spellcasting
 + Level 7.8 Conjurations
 * Level 4.1 Hexes


You had 5 spell levels left.
You knew the following spells:

 Your Spells              Type           Power      Damage    Failure   Level
a - Magic Dart            Conj           100%       1d8       1%          1
b - Searing Ray           Conj           100%       3d7       1%          2
c - Dazzling Flash        Conj/Hex       98%        N/A       1%          3
d - Fulminant Prism       Conj/Hex       24%        3d13      3%          4
e - Sticky Flame          Conj/Fire      36%        2d6       9%          4
f - Static Discharge      Conj/Air       36%        N/A       1%          2

Your spell library contained the following spells:

 Spells                   Type           Power      Damage    Failure   Level
 Sandblast                Erth           20%        2d7       4%          1
 Iskenderun's Mystic Bla  Conj/Tloc      36%        2d9       9%          4
 Dispel Undead            Necr           10%        3d9       38%         4


Dungeon Overview and Level Annotations

Branches:
Dungeon (7/15)             Temple (1/1) D:5

Altars:
Ashenzari
Cheibriados
Dithmenos
Elyvilon
Fedhas
Gozag
Hepliaklqana
Kikubaaqudgha
Makhleb
Nemelex Xobeh
Okawaru
Qazlal
Ru
Sif Muna
Trog
Uskayaw
Vehumet
Wu Jian
Xom
Yredelemnul
Zin
The Shining One

Shops:
D:2 ?   D:3 ([*:

Annotations:
D:4 Menkaure
D:7 Joseph


Innate Abilities, Weirdness & Mutations

You cannot wear most types of armour.
You are amphibious.
You can wear up to eight rings at the same time.
Your skin changes colour to match your surroundings (Stealth+).
Your rubbery body absorbs attacks. (AC +1, EV +1)
((You are camouflaged near water. (Stealth+)))
You have tentacles for arms and can constrict up to eight enemies at once.


Message History

Joseph is lightly wounded. (Press . to maintain the ray.)
The searing ray misses Joseph.
Joseph shoots a sling bullet.
The sling bullet hits you!!
Unknown command.
Okay, then.
You feel much better.
Joseph drinks a potion.
Joseph seems to grow stronger.
Casting: Searing Ray (safe; 1% risk of failure)
Confirm with . or Enter, or press ? or * to list all spells.
Aiming: Searing Ray (safe; 1% risk of failure)
Press: ? - help, Shift-Dir - straight line, f/p - Joseph
Aim: Joseph, wielding a +0 hunting sling, wearing a +2 leather armour of willpower and quivering sling bullets (lightly wounded, strong, 83% to hit)
The searing ray hits Joseph!
Joseph is moderately wounded. (Press . to maintain the ray.) Joseph shoots a sling bullet.
The sling bullet hits you!!
The searing ray hits Joseph!
Joseph is heavily wounded.
Joseph shoots a sling bullet.
The sling bullet closely misses you.
The searing ray hits Joseph!
Joseph is severely wounded.
Joseph shoots a sling bullet.
The sling bullet closely misses you.
The searing ray hits Joseph!
Joseph is almost dead.
You finish channeling your searing ray.
Joseph shoots a sling bullet.
The sling bullet hits you!
* * * LOW HITPOINT WARNING * * *
Joseph shoots a sling bullet.
The sling bullet hits you!
* * * LOW HITPOINT WARNING * * *
You feel much better.
Joseph shoots a sling bullet.
The sling bullet hits you!
Casting: Searing Ray (safe; 1% risk of failure)
Confirm with . or Enter, or press ? or * to list all spells.
Aiming: Searing Ray (safe; 1% risk of failure)
Press: ? - help, Shift-Dir - straight line, f/p - Joseph
Aim: Joseph, wielding a +0 hunting sling, wearing a +2 leather armour of willpower and quivering sling bullets (almost dead, strong, 83% to hit)
The searing ray hits Joseph.
Joseph is almost dead. (Press . to maintain the ray.) Joseph shoots a sling bullet.
The sling bullet hits you!!
You die...

#..##.# . ##.##.#
#..#.#
###########.#.#
#..§§.....#.#.#
###.###§§§#.#...#
+......§§§#.##..#
###.####§§#.##..#
#@# ##.#.###>#
#.# #.#.# #.# #@#
#.#.###.#
#....)@.#.#.....#
#.#..##.#....####
#.##.# ####.# #
.# #.# ## #.# #.#


You could see Joseph (strong).

Vanquished Creatures
  A water moccasin (D:5)
  A sky beast (D:7)
  A necrophage (D:5)
  An orc warrior (D:7)
  2 black bears (D:6)
  5 ogres
  A wyvern zombie (D:7)
  2 scorpions (D:4)
  A centaur zombie (D:6)
  A bullfrog skeleton (D:4)
  2 orc priests
  A jelly (D:5)
  2 bullfrog zombies
  A hound (D:4)
  A centaur skeleton (D:7)
  2 orc wizards
  Ijyb (D:4)
  2 iguanas
  A scorpion zombie (D:5)
  A hound skeleton (D:4)
  Robin (D:4)
  7 adders
  2 white imps (D:6)
  2 ufetubi
  2 worms (D:2)
  3 dart slugs
  24 orcs
  6 endoplasms
  4 giant cockroaches
  16 goblins
  10 hobgoblins
  6 jackals
  10 kobolds
  2 quokkas
  14 ball pythons
  2 bats
  8 rats
149 creatures vanquished.

Vanquished Creatures (others)
  A fulminant prism (D:6)
  3 fungi (D:3)
  A plant (D:3)
5 creatures vanquished.

Grand Total: 154 creatures vanquished

Notes
Turn   | Place    | Note
-------+----------+-------------------------------------------
     0 | D:1      | nicksoapdish the Octopode Conjurer began the quest for the
                  | Orb.
     0 | D:1      | Reached XP level 1. HP: 11/11 MP: 3/3
   283 | D:1      | Reached XP level 2. HP: 17/17 MP: 1/5
   286 | D:1      | Learned a level 2 spell: Searing Ray
  1085 | D:2      | Reached XP level 3. HP: 21/21 MP: 3/6
  1184 | D:2      | Found Nerowk's Magic Scroll Shop.
  1471 | D:2      | Reached skill level 5 in Conjurations
  1863 | D:2      | Reached XP level 4. HP: 22/27 MP: 4/7
  1868 | D:2      | Learned a level 3 spell: Dazzling Flash
  2171 | D:3      | Found a faded altar of an unknown god.
  2715 | D:3      | Found Bueliwn's Assorted Antiques.
  2808 | D:3      | Reached XP level 5. HP: 26/31 MP: 2/10
  3051 | D:3      | Found Qopoott's Book Boutique.
  3192 | D:3      | Found Viareucs's Antique Weapon Boutique.
  3311 | D:3      | Found Ylil's Armour Boutique.
  3465 | D:4      | Noticed Robin
  3542 | D:4      | Killed Robin
  3748 | D:4      | Reached XP level 6. HP: 33/36 MP: 7/12
  3956 | D:4      | Reached skill level 1 in Unarmed Combat
  3956 | D:4      | Reached skill level 1 in Hexes
  4088 | D:4      | Noticed Ijyb
  4121 | D:4      | Killed Ijyb
  4292 | D:4      | Noticed Menkaure
  4298 | D:4      | Reached XP level 7. HP: 29/41 MP: 6/14
  4302 | D:3      | Reached skill level 5 in Spellcasting
  4818 | D:4      | Reached skill level 6 in Conjurations
  4898 | D:5      | Entered Level 5 of the Dungeon
  4998 | D:5      | Identified the +7 spear "Killer Bee's Peril" {drain, *Rage
                  | MP+9 Int+9}
  5417 | D:5      | Reached XP level 8. HP: 46/46 MP: 16/16
  5422 | D:5      | Learned a level 4 spell: Fulminant Prism
  5555 | D:5      | Found a staircase to the Ecumenical Temple.
  5562 | Temple   | Entered the Ecumenical Temple
  5723 | Temple   | Became a worshipper of Vehumet
  6477 | D:6      | Reached skill level 7 in Conjurations
  6816 | D:6      | Reached skill level 5 in Stealth
  7156 | D:7      | HP: 2/46 [wyvern zombie (7)]
  7160 | D:7      | Reached XP level 9. HP: 40/51 MP: 19/19
  7503 | D:7      | Found a shadowy altar of Dithmenos.
  7523 | D:7      | Reached * piety under Vehumet
  7523 | D:7      | Offered knowledge of Sandblast by Vehumet.
  7529 | D:7      | Learned a level 4 spell: Sticky Flame
  7532 | D:7      | Learned a level 2 spell: Static Discharge
  7547 | D:7      | Noticed Joseph
  7560 | D:7      | Shot with a sling bullet by Joseph

Illustrated notes

Levels and vault maps discovered:
D:1:      minmay_arrival_doors, layout_basic, minmay_indecisive_spiral
D:2:      cheibrodos_helix_gallery, layout_basic, serial_shops,
          nicolae_diamond_shop, minmay_misc_feat_ornament, dk_noncrumbling_4,
          st_stairs_13
D:3:      layout_basic, serial_shops, shop, shop, shop, nicolae_diamond_shop,
          dreamdust_ecumenical_altar_grove, minmay_misc_feat_five,
          minmay_ruptured
D:4:      layout_basic, minmay_fractal_squares_gapless_5, uniq_robin,
          uniq_menkaure, uniq_ijyb
D:5:      layout_loops_corners, minmay_temple_entry_metal_lava,
          kennysheep_big_empty_room, minivault_26
D:6:      layout_rooms
D:7:      layout_basic, grunt_dithmenos_smoke, uniq_crazy_yiuf_cottage,
          uniq_joseph
Temple:   kilobyte_greek_temple

Skill      XL: |  1  2  3  4  5  6  7  8 |
---------------+-------------------------+-----
Conjurations   | 5 6 7 |  7.8
Stealth        | 3 4 5 |  5.6
Spellcasting   | 3 4 5 6 |  6.8
Unarmed Combat | 1 |  1.8
Hexes          | 1 2 4 |  4.1
Dodging        | |  2.0

Action                   |  1- 3 |  4- 6 |  7- 9 || total
-------------------------+-------+-------+-------++-------
Melee: Dagger            |    15 |     1 |       ||    16
       Unarmed           |     4 |     1 |     1 ||     6
       Constrict         |     3 |     1 |       ||     4
       Spear             |       |       |     1 ||     1
 Cast: Magic Dart        |    64 |    89 |    54 ||   207
       Searing Ray       |     2 |    16 |    32 ||    50
       Fulminant Prism   |       |       |     1 ||     1
  Use: Scroll            |     1 |     3 |     7 ||    11
       Potion            |       |       |     4 ||     4
Armor: Skin              |       |     2 |       ||     2
Dodge: Dodged            |    15 |    20 |    15 ||    50
